 Dungeon Crawl Stone Soup version 0.26-a0-663-g36e8fdb655 (webtiles) character file.

Game seed: 14775095713940575139

76 jasper the Sneak (level 4, -4/32 HPs)
             Began as a Gnoll Enchanter on Oct 11, 2020.
             Slain by Grinder (6 damage)
             ... while paralysed by Grinder
             ... on level 3 of the Dungeon.
             The game lasted 00:03:33 (2508 turns).

jasper the Sneak (Gnoll Enchanter)                  Turns: 2508, Time: 00:03:34

Health: -4/32      AC:  5    Str: 11    XL:     4   Next: 32%
Magic:  11/11      EV:  2    Int: 18    God:
Gold:   140        SH:  0    Dex: 15    Spells: 10/13 levels left

rFire    x . .     SeeInvis .   a - +1 dagger
rCold    + . .     Faith    .   (no shield)
rNeg     . . .     Spirit   .   w - +1 animal skin
rPois    .         Reflect  +   x - +0 helmet
rElec    .         Harm     .   (no cloak)
rCorr    .         Rampage  .   n - +0 pair of gloves
MR       +....                  (no boots)
Stlth    +++.......             q - amulet of reflection
HPRegen  0.10/turn              m - ring of protection from magic
MPRegen  0.12/turn              c - ring of ice

@: paralysed
A: distributed training, fangs 1, strong nose
a: no special abilities


You were on level 3 of the Dungeon.
You visited 1 branch of the dungeon, and saw 3 of its levels.

You collected 140 gold pieces.

Inventory:

Hand Weapons
 a - a +1 dagger (weapon)
Missiles
 e - 4 silver javelins (quivered)
Armour
 b - a +0 robe
 n - a +0 pair of gloves (worn)
 u - a +2 tower shield
 w - a +1 animal skin (worn)
 x - a +0 helmet (worn)
Jewellery
 c - a ring of ice (right hand)
 m - a ring of protection from magic (left hand)
 q - an amulet of reflection (around neck)
Wands
 o - a wand of digging (4)
 v - a wand of random effects (17)
Scrolls
 g - a scroll of noise {unknown}
 i - 5 scrolls of remove curse {unknown}
 l - 3 scrolls of teleportation {unknown}
 p - 2 scrolls of identify {unknown}
 s - 2 scrolls of random uselessness {unknown}
 y - a scroll of amnesia {unknown}
Potions
 d - a potion of magic {unknown}
 f - 4 potions of heal wounds {unknown}
 h - a potion of flight {unknown}
 j - a potion of haste {unknown}
 k - a potion of curing {unknown}
 r - a potion of might {unknown}
 t - a potion of ambrosia {unknown}


   Skills:
 + Level 1.1 Fighting
 + Level 2.7 Short Blades
 + Level 1.1 Long Blades
 + Level 1.1 Axes
 + Level 1.1 Maces & Flails
 + Level 1.1 Polearms
 + Level 1.1 Staves
 + Level 1.1 Slings
 + Level 1.1 Bows
 + Level 1.1 Crossbows
 + Level 1.1 Throwing
 + Level 1.1 Armour
 + Level 4.6 Dodging
 + Level 6.0 Stealth
 + Level 1.1 Shields
 + Level 1.1 Unarmed Combat
 + Level 5.0 Spellcasting
 + Level 0.8 Conjurations
 + Level 5.4 Hexes
 + Level 0.8 Summonings
 + Level 0.8 Necromancy
 + Level 0.8 Translocations
 + Level 0.8 Transmutations
 + Level 0.8 Fire Magic
 + Level 0.8 Ice Magic
 + Level 0.8 Air Magic
 + Level 0.8 Earth Magic
 + Level 0.8 Poison Magic
 + Level 1.2 Invocations
 + Level 1.1 Evocations


You had 10 spell levels left.
You knew the following spells:

 Your Spells              Type           Power        Failure   Level
a - Corona                Hex            ###....      1%          1
b - Ensorcelled Hibernat  Hex/Ice        ###...       5%          2

Your spell library contained the following spells:

 Spells                   Type           Power        Failure   Level
 Confusing Touch          Hex            ###.....     4%          3
 Tukima's Dance           Hex            ###.....     4%          3
 Dazzling Flash           Conj/Hex       ###...       11%         3


Dungeon Overview and Level Annotations

Branches:
Dungeon (3/15)

Altars:
Wu Jian

Annotations:
D:3 Grinder


Innate Abilities, Weirdness & Mutations

Your experience applies equally to all skills.
You have very sharp teeth.
Your uncanny sense of smell can sniff out nearby items.


Message History

Grinder closely misses you.
Throwing (i - inventory)
e - 5 silver javelins (quivered)
Press: ? - help, Shift-Dir - straight line, f/p - Grinder
Aim: Grinder (moderately wounded, chaotic)
You throw a silver javelin.
The silver javelin closely misses Grinder.
Grinder says, "FISH!"
Grinder hits you!
You writhe in agony.
Grinder gestures at you.
You suddenly lose the ability to move!
Grinder hits you but does no damage. Grinder gestures at you.
You easily resist.
Grinder hits you but does no damage. Grinder hits you!
* * * LOW HITPOINT WARNING * * *
You writhe in agony.
* * * LOW HITPOINT WARNING * * *
Grinder hits you.
You die...

.........######.....##.####
#.###.#### #.###.# # #.#
#.....# #.# ######..##.#
#.# #.......##.# #+###.#
#####+#....# ....#.#
#......####
....#.#####......#
....'....(.....5@#
....######.......# #.######
#.#.........#
.....<...............#
#.########.#.........#
#.#.. ..#......$..# #.#.#
#.........# #...
#.......(.. #.###....
###########.


You could see Grinder.

Vanquished Creatures
  Robin (D:3)
  An adder (D:3)
  2 oozes (D:1)
  A dart slug (D:1)
  A leopard gecko (D:1)
  10 hobgoblins
  A kobold (D:3)
  A ball python (D:1)
  5 bats
  A frilled lizard (D:1)
  12 goblins
  6 rats
42 creatures vanquished.

Notes
Turn   | Place    | Note
-------+----------+-------------------------------------------
     0 | D:1      | jasper the Gnoll Enchanter began the quest for the Orb.
     0 | D:1      | Reached XP level 1. HP: 13/13 MP: 6/6
   232 | D:1      | Reached XP level 2. HP: 19/19 MP: 7/7
   903 | D:2      | Learned a level 2 spell: Ensorcelled Hibernation
   961 | D:2      | Reached XP level 3. HP: 25/25 MP: 6/9
  1011 | D:2      | Reached skill level 5 in Spellcasting
  1646 | D:2      | Reached skill level 6 in Stealth
  1666 | D:2      | Found an ornate altar of the Wu Jian Council.
  1712 | D:3      | Noticed Robin
  1721 | D:2      | Reached skill level 1 in Invocations
  2051 | D:2      | Reached skill level 1 in Fighting
  2051 | D:2      | Reached skill level 1 in Long Blades
  2051 | D:2      | Reached skill level 1 in Axes
  2051 | D:2      | Reached skill level 1 in Maces & Flails
  2051 | D:2      | Reached skill level 1 in Polearms
  2051 | D:2      | Reached skill level 1 in Staves
  2051 | D:2      | Reached skill level 1 in Slings
  2051 | D:2      | Reached skill level 1 in Bows
  2051 | D:2      | Reached skill level 1 in Crossbows
  2051 | D:2      | Reached skill level 1 in Throwing
  2051 | D:2      | Reached skill level 1 in Armour
  2051 | D:2      | Reached skill level 1 in Shields
  2051 | D:2      | Reached skill level 1 in Unarmed Combat
  2051 | D:2      | Reached skill level 1 in Evocations
  2150 | D:3      | Killed Robin
  2150 | D:3      | Reached XP level 4. HP: 32/32 MP: 0/11
  2478 | D:3      | Noticed Grinder
  2487 | D:3      | Paralysed by Grinder for 6 turns
  2503 | D:3      | Paralysed by Grinder for 6 turns
  2508 | D:3      | Slain by Grinder

Illustrated notes

Levels and vault maps discovered:
D:1:      lightli_arrival_windingriver, layout_basic
D:2:      minmay_inner_zag, layout_basic, lemuel_coloured_pillars_altar
D:3:      layout_basic, nicolae_ru_awakened_eye, uniq_ijyb, uniq_robin,
          uniq_grinder

Skill      XL: |  1  2  3 |
---------------+----------+-----
Spellcasting   | 5 |  5.0
Stealth        | 6 |  6.0
Invocations    | 1 |  1.2
Fighting       | 1 |  1.1
Long Blades    | 1 |  1.1
Axes           | 1 |  1.1
Maces & Flails | 1 |  1.1
Polearms       | 1 |  1.1
Staves         | 1 |  1.1
Slings         | 1 |  1.1
Bows           | 1 |  1.1
Crossbows      | 1 |  1.1
Throwing       | 1 |  1.1
Armour         | 1 |  1.1
Shields        | 1 |  1.1
Unarmed Combat | 1 |  1.1
Evocations     | 1 |  1.1
Short Blades   | |  2.7
Dodging        | |  4.6
Conjurations   | |  0.8
Hexes          | |  5.4
Summonings     | |  0.8
Necromancy     | |  0.8
Translocations | |  0.8
Transmutations | |  0.8
Fire Magic     | |  0.8
Ice Magic      | |  0.8
Air Magic      | |  0.8
Earth Magic    | |  0.8
Poison Magic   | |  0.8

Action                   |  1- 3 |  4- 6 || total
-------------------------+-------+-------++-------
Melee: Dagger            |    92 |     6 ||    98
       Bite              |     6 |       ||     6
Throw: Javelin           |       |     3 ||     3
 Cast: Ensorcelled Hiber |    23 |     2 ||    25
 Stab: Sleeping          |    26 |     2 ||    28
Armor: Robe              |    12 |       ||    12
       Animal skin       |       |     2 ||     2
Dodge: Dodged            |    65 |     4 ||    69
Block: Other             |    16 |     1 ||    17

Table legend: (Time is in decaauts)
 A = Elapsed time spent in this place.
 B = Non-inter-level travel time spent in this place.
 C = Inter-level travel time spent in this place.
 D = Time resting spent in this place.
 E = Time spent auto-exploring this place.
 F = Levels seen in this place.
 G = Mean time per level.
                   A        B        C        D        E       F      G
               +--------+--------+--------+--------+--------+-----+--------+
         Total |   2500 |   2409 |     91 |    265 |   1759 |   3 |  833.3 |
       Dungeon |   2500 |   2409 |     91 |    265 |   1759 |   3 |  833.3 |
               +--------+--------+--------+--------+--------+-----+--------+

Top non-repeatable levels by time:
     D:2: 1278 daAuts
     D:1: 697 daAuts
     D:3: 524 daAuts
